 Dungeon Crawl Stone Soup version 0.21.1-1-g345015f (webtiles) character file.

2031 wojtek the Cleaver (level 9, -5/74 HPs)
             Began as a Minotaur Fighter on July 15, 2018.
             Was a Believer of Makhleb.
             Engulfed by a cloud of flame (19 damage)
             ... on level 8 of the Dungeon.
             The game lasted 00:09:58 (6650 turns).

wojtek the Cleaver (Minotaur Fighter)               Turns: 6650, Time: 00:09:59

Health: -5/74      AC: 12    Str: 24    XL:     9   Next: 3%
Magic:  11/11      EV:  7    Int:  5    God:    Makhleb [**....]
Gold:   442        SH: 10    Dex: 10    Spells: 8/8 levels left

rFire    . . .     SeeInvis .   a - +0 war axe
rCold    . . .     Gourm    .   c - +0 shield
rNeg     . . .     Faith    .   z - +0 chain mail
rPois    .         Spirit   .   (helmet restricted)
rElec    .         Reflect  .   b - +0 cloak
rCorr    .         Harm     .   (no gloves)
MR       .....                  y - +0 pair of boots
Stlth    ..........             D - amulet of rage
HPRegen  0.22/turn              G - ring of flight
MPRegen  0.12/turn              A - ring of loudness

@: lethally poisoned (-5 -> -10)
A: retaliatory headbutt, horns 2
a: Minor Destruction, Renounce Religion, Evoke Berserk Rage, Evoke Flight


You were on level 8 of the Dungeon.
You worshipped Makhleb.
Makhleb was pleased with you.
You were not hungry.

You visited 2 branches of the dungeon, and saw 9 of its levels.

You collected 442 gold pieces.

Inventory:

Hand Weapons
 a - a +0 war axe (weapon)
 L - the +5 flail of Anxiety {freeze, rElec rN+, unknown}
   (You found it on level 7 of the Dungeon)

   It has been specially enchanted to freeze those struck by it, causing extra
   injury to most foes and up to half again as much damage against particularly
   susceptible opponents.
   It can also slow down cold-blooded creatures.
   It insulates you from electricity.
   It protects you from negative energy.
Missiles
 v - 2 throwing nets (quivered)
Armour
 b - a +0 cloak (worn)
 c - a +0 shield (worn)
 x - a +0 troll leather armour
 y - a +0 pair of boots (worn)
 z - a +0 chain mail (worn)
 F - the +2 scale mail "Meoleob" {rElec rF+ Str+2, unknown}
   (You found it on level 6 of the Dungeon)

   It affects your strength (+2).
   It protects you from fire.
   It insulates you from electricity.
Jewellery
 r - an uncursed ring of stealth
 A - a ring of loudness (right hand)
 D - an amulet of rage (around neck)
 G - a ring of flight (left hand)
Wands
 C - a wand of iceblast (4)
 H - a wand of disintegration (8)
Scrolls
 i - a scroll of blinking {unknown}
 k - a scroll of enchant weapon
 m - 2 scrolls of fog {unknown}
 n - 2 scrolls of amnesia
 o - 2 scrolls of enchant armour
 s - a scroll of magic mapping {unknown}
 w - 4 scrolls of remove curse
 I - a scroll of identify
 K - a scroll of teleportation {unknown}
Potions
 d - 2 potions of might
 e - 3 potions of agility {unknown}
 g - 2 potions of haste
 h - a potion of flight {unknown}
 j - a potion of brilliance {unknown}
 p - 4 potions of curing {unknown}
 q - 3 potions of heal wounds {unknown}
 t - a potion of berserk rage {unknown}
 u - a potion of lignification {unknown}
 B - a potion of mutation {unknown}
 E - a potion of magic {unknown}
Comestibles
 f - 13 rations
 J - a chunk of flesh


   Skills:
 + Level 5.5 Fighting
 + Level 10.2 Axes
 + Level 5.5 Armour
 + Level 3.5 Dodging
 + Level 5.6 Shields
 * Level 4.2 Invocations


You had 8 spell levels left.
You didn't know any spells.

Dungeon Overview and Level Annotations

Branches:
Dungeon (7/15)             Temple (1/1) D:5

Altars:
Ashenzari
Cheibriados
Dithmenos
Elyvilon
Fedhas
Gozag
Hepliaklqana
Kikubaaqudgha
Makhleb
Nemelex Xobeh
Okawaru
Qazlal
Ru
Sif Muna
Trog
Uskayaw
Vehumet
Wu Jian
Xom
Yredelemnul
Zin
The Shining One

Shops:
D:4 =

Annotations:
D:7 exclusion: door
D:8 Grum


Innate Abilities, Weirdness & Mutations

You reflexively headbutt those who attack you in melee.
You have a pair of horns on your head.


Message History

The wolf howls!
You block the killer bee's attack.
The wolf moves out of view.
The killer bee barely misses you.
Unknown command.
Evoke which item? (* to show all) (? for menu, Esc to quit)
Aiming: Disintegrate
Press: ? - help, Shift-Dir - straight line, f/p - killer bee
Aim: a killer bee (severely wounded, inner flame, chance to defeat MR: 73%)
The killer bee struggles to resist.
You are engulfed in blazing flames.
* * * LOW HITPOINT WARNING * * *
The killer bee barely misses you. The killer bee stings you.
* * * LOW HITPOINT WARNING * * *
You are poisoned.
The killer bee poisons you!
Unknown command.
Unknown command.
As you read the scroll labeled LULESO OHULOMPIOZ, it crumbles to dust.
You feel as if something is helping you.
It was a scroll of remove curse.
You are engulfed in blazing flames.
You die...

### ..#
.# #y# ..
#y# ..
#y# #.#h
#ยง#
##...g#y#
.....%.@#
.##...###
###


You could see Grum (inner flame), a wolf and 4 killer bees.

Vanquished Creatures
  A hippogriff (D:7)
  Sigmund (D:5)
  The ghost of Swet the Magician, an amateur DEFE (D:3)
  A sky beast (D:5)
  An ogre (D:4)
  A bullfrog (D:5)
  2 scorpions (D:5)
  A killer bee (D:8)
  5 wights (D:5)
  3 electric eels (D:7)
  3 crimson imps
  An orc priest (D:6)
  A bullfrog zombie (D:5)
  2 orc wizards (D:7)
  Crazy Yiuf (D:3)
  2 hounds
  2 bullfrog skeletons
  3 iguanas
  5 worker ants
  A killer bee zombie (D:6)
  3 hound zombies
  2 worker ant zombies
  3 gnolls
  12 adders
  A shadow imp (D:6)
  An ooze (D:3)
  2 adder zombies
  An adder skeleton (D:6)
  5 leopard geckos
  14 orcs
  2 ball pythons
  9 giant cockroaches
  4 goblins
  9 hobgoblins
  9 jackals
  10 kobolds
  3 quokkas (D:2)
  4 bats
  4 frilled lizards
  A leopard gecko skeleton (D:6)
  2 quokka skeletons
  5 rats
  A plant (D:7)
145 creatures vanquished.

Notes
Turn   | Place    | Note
-------+----------+-------------------------------------------
     0 | D:1      | wojtek the Minotaur Fighter began the quest for the Orb.
     0 | D:1      | Reached XP level 1. HP: 19/19 MP: 0/0
    51 | D:1      | Reached skill level 3 in Axes
   168 | D:1      | Reached XP level 2. HP: 26/26 MP: 1/1
   571 | D:2      | Reached skill level 4 in Axes
   571 | D:2      | Reached XP level 3. HP: 19/31 MP: 2/2
  1115 | D:2      | Reached skill level 5 in Axes
  1151 | D:2      | Found a faded altar of an unknown god.
  1568 | D:3      | Reached XP level 4. HP: 36/39 MP: 3/3
  1591 | D:3      | Noticed Swet's ghost (amateur DEFE)
  2107 | D:3      | Reached skill level 6 in Axes
  2229 | D:3      | Found a runed door.
  2305 | D:3      | Killed Swet's ghost
  2305 | D:3      | Reached skill level 7 in Axes
  2305 | D:3      | Reached XP level 5. HP: 6/45 MP: 4/4
  2834 | D:3      | Noticed Crazy Yiuf
  2840 | D:3      | Killed Crazy Yiuf
  2840 | D:3      | Reached XP level 6. HP: 15/51 MP: 5/5
  3111 | D:4      | Reached skill level 8 in Axes
  3341 | D:4      | Found Foyd's Jewellery Boutique.
  3506 | D:4      | Reached skill level 9 in Axes
  3506 | D:4      | Reached XP level 7. HP: 57/57 MP: 6/6
  3610 | D:5      | Entered Level 5 of the Dungeon
  3615 | D:5      | Noticed Sigmund
  3630 | D:5      | Killed Sigmund
  3630 | D:5      | Reached skill level 1 in Dodging
  3728 | D:5      | Found a staircase to the Ecumenical Temple.
  3739 | Temple   | Entered the Ecumenical Temple
  3941 | Temple   | Became a worshipper of Makhleb the Destroyer
  3988 | D:5      | Reached skill level 1 in Invocations
  4206 | D:5      | Reached XP level 8. HP: 67/67 MP: 8/8
  4397 | D:5      | Reached * piety under Makhleb
  4624 | D:6      | Reached skill level 5 in Armour
  4624 | D:6      | Reached skill level 5 in Shields
  4676 | D:6      | Reached skill level 5 in Fighting
  4773 | D:6      | Reached skill level 10 in Axes
  4899 | D:6      | Got an encrusted scale mail
  5251 | D:6      | Found a glowing silver altar of Zin.
  5498 | D:7      | Noticed a hippogriff
  5504 | D:7      | Killed a hippogriff
  5604 | D:7      | Reached ** piety under Makhleb
  6274 | D:7      | Reached XP level 9. HP: 54/74 MP: 11/11
  6290 | D:7      | Got a crude flail
  6645 | D:7      | You fall through a shaft!
  6645 | D:8      | Noticed Grum
  6650 | D:8      | Engulfed by a cloud of flame

Skill      XL: |  1  2  3  4  5  6  7  8 |
---------------+-------------------------+-----
Axes           | 3 4 5 7 9 10 | 10.2
Fighting       | 4 5 |  5.5
Armour         | 4 5 |  5.5
Dodging        | 2 3 |  3.5
Shields        | 4 5 |  5.6
Invocations    | 2 4 |  4.2

Action                   |  1- 3 |  4- 6 |  7- 9 || total
-------------------------+-------+-------+-------++-------
Melee: War axe           |    94 |   147 |   213 ||   454
       Headbutt          |     6 |    22 |    32 ||    60
Invok: Minor Destruction |       |       |     8 ||     8
Evoke: Wand              |       |       |     9 ||     9
  Use: Scroll            |       |       |     7 ||     7
  Eat: Chunk             |     2 |     7 |    10 ||    19
Armor: Scale mail        |    38 |    27 |       ||    65
       Chain mail        |       |    44 |    85 ||   129
Dodge: Dodged            |    36 |    44 |    40 ||   120
Block: Shield            |    46 |    81 |    96 ||   223
